Match 46225946
Unlisted

Match 46225946
End
Construct Infanterie Kompanie
Selects Luftwaffe Battlegroup
Selects Luftwaffe Pioneer Support
Fallschirmpioneer Squad Paradrop
MG 42 Machine Gun Team
Grenadier Squad
MG 42 Machine Gun Team
Construct Luftwaffe Kompanie
Selects Flak 38 Anti-Air Emplacement
Selects Stuka Strafing Run
Support Elements
Flak 30 Anti-aircraft Gun Team
Wirbelwind Flakpanzer
Fallschirmpioneer Squad Paradrop
Stuka Strafing Run
Selects Flak 36 Anti-tank Gun Emplacement
Fallschirmpioneer Squad Paradrop
Stuka Strafing Run
Wirbelwind Flakpanzer
Fallschirmpioneer Squad Paradrop
Stuka Strafing Run
Fallschirmpioneer Squad Paradrop
Selects Fallschirmjäger Squad Paradrop
Selects Stuka Loiter
Stuka Loiter
Construct Panzer Kompanie
Fallschirmpioneer Squad Paradrop
ArjenDissonance
Boohags
0
0

Comments sign in to comment!

No comments posted yet!